 Dungeon Crawl Stone Soup version 0.19.0-18-g426998a (webtiles) character file.

60 Delusion the Ruffian (level 3, -7/28 HPs)
             Began as a Draconian Transmuter on Nov 11, 2016.
             Killed by divine providence
             ... invoked by an orc priest
              (13 damage)
             ... on level 3 of the Dungeon.
             The game lasted 00:09:20 (1946 turns).

Delusion the Ruffian (Draconian Transmuter)         Turns: 1946, Time: 00:09:20

Health: -7/28      AC:  2    Str: 13    XL:     3   Next: 80%
Magic:  3/6        EV: 20    Int: 13    God:
Gold:   169        SH:  0    Dex: 16    Spells: 3 memorised, 1 level left

rFire  . . .     SeeInvis .       - Unarmed
rCold  . . .     Gourm    .     (armour unavailable)
rNeg   . . .     Faith    +     (shield currently unavailable)
rPois  x         Spirit   .     (helmet currently unavailable)
rElec  .         Reflect  .     (cloak currently unavailable)
rCorr  .         Harm     .     (gloves currently unavailable)
MR     .....                    (boots currently unavailable)
Stlth  ++........               f - amulet of faith
                                n - ring of flight
                                m - +3 ring of slaying

@: spider-form
A: unfitting armour, (cold-blooded), AC +5
a: End Transformation, Evoke Flight


You were on level 3 of the Dungeon.
You were not hungry.
You were a venomous arachnid creature.
You visited 1 branch of the dungeon, and saw 3 of its levels.

You collected 169 gold pieces.

Inventory:

Missiles
 a - 21 arrows
Jewellery
 f - an amulet of faith (around neck)
 m - a +3 ring of slaying (left front leg)
 n - a ring of flight (right front leg)
Scrolls
 d - 2 scrolls of identify {unknown}
 e - a scroll of blinking {unknown}
 g - a scroll of fog {unknown}
 h - 3 scrolls of recharging
 i - a scroll of amnesia {unknown}
 j - a scroll of magic mapping {unknown}
 k - 2 scrolls of teleportation
Potions
 q - a potion of flight {unknown}
 r - a potion of lignification {unknown}
Books
 b - a book of Changes

   Spells                             Type                      Level
   a - Beastly Appendage              Transmutation                1
   b - Sticks to Snakes               Transmutation                2
   c - Spider Form                    Transmutation/Poison         3
   d - Ice Form                       Ice/Transmutation            4
   e - Blade Hands                    Transmutation                5
Comestibles
 c - 2 bread rations
 l - 2 meat rations
 o - a chunk of flesh
 p - a slice of pizza


   Skills:
 - Level 1.1 Fighting
 - Level 2.1 Dodging
 - Level 0.2 Stealth
 - Level 3.9 Unarmed Combat
 - Level 2.5 Spellcasting
 - Level 2.4 Transmutations


You had one spell level left.
You knew the following spells:

 Your Spells              Type           Power        Failure   Level  Hunger
a - Beastly Appendage     Tmut           #.....       24%         1    #......
b - Sticks to Snakes      Tmut           #.......     32%         2    ###....
c - Spider Form           Tmut/Pois      #.........   73%         3    ###....


Dungeon Overview and Level Annotations

Branches:
Dungeon (3/15)

Altars:


Innate Abilities, Weirdness & Mutations

((Your plain brown scales are hard. (AC +5)))
You cannot fit into any form of body armour.
((You are cold-blooded and may be slowed by cold attacks.))


Message History

Beogh smites you!
You see here a tomahawk.
The orc throws a tomahawk.
The tomahawk barely misses you.
The orc throws a tomahawk.
The tomahawk hits you but does no damage.
You see here 3 tomahawks.
You see here a tomahawk.
The orc priest mumbles some strange prayers to Beogh against you.
Beogh smites you!
Ouch! That really hurt!
* * * LOW HITPOINT WARNING * * *
Casting: Beastly Appendage
Confirm with . or Enter, or press ? or * to list all spells.
You turn into a venomous arachnid creature.
The orc barely misses you.
You hit the orc.
The orc is poisoned.
The orc is moderately wounded.
The orc priest mumbles some strange prayers to Beogh against you.
Beogh smites you!
You die...

..# #.# #.# #.# # #.#
#.###### . #.#
#......### #.#.#
#.##...).# #.#.#
#.##.###.#####
#...#######.##.# #(o...#
###.........##.###(###.#
#.......######..so.#
#.##.##.# ####### #.
#.##.# . #.##.# # #.##.#
<..... ....##


You could see an orc priest and an orc.

Vanquished Creatures
  An ooze (D:2)
  A worm (D:2)
  A dart slug (D:2)
  2 leopard geckos
  An orc (D:3)
  3 bats (D:2)
  4 giant cockroaches
  6 goblins
  6 hobgoblins
  3 jackals (D:2)
  5 frilled lizards (D:2)
  4 kobolds (D:1)
  3 rats
40 creatures vanquished.

Vanquished Creatures (collateral kills)
  A worm (D:2)
  2 goblins (D:2)
  A frilled lizard (D:2)
4 creatures vanquished.

Grand Total: 44 creatures vanquished

Notes
Turn   | Place    | Note
-------+----------+-------------------------------------------
     0 | D:1      | Delusion the Draconian Transmuter began the quest for the Orb.
     0 | D:1      | Reached XP level 1. HP: 16/16 MP: 3/3
   492 | D:1      | Reached XP level 2. HP: 23/23 MP: 3/5
  1113 | D:2      | Reached XP level 3. HP: 8/28 MP: 4/6
  1171 | D:2      | Learned a level 2 spell: Sticks to Snakes
  1175 | D:2      | Learned a level 3 spell: Spider Form
  1946 | D:3      | Killed from afar by an orc priest

Skill      XL: |  1  2  3 |
---------------+----------+-----
Dodging        | 2 |  2.1
Fighting       | |  1.1
Stealth        | |  0.2
Unarmed Combat | |  3.9
Spellcasting   | |  2.5
Transmutations | |  2.4

Action                   || total
-------------------------++-------
Melee: Unarmed           ||   101
       Tailslap          ||    10
       Kick              ||     7
       Headbutt          ||     5
 Cast: Beastly Appendage ||    23
       Sticks to Snakes  ||     6
       Spider Form       ||     1
  Use: Scroll            ||     2
  Eat: Chunk             ||     4
Armor: Skin              ||    38
Dodge: Dodged            ||   100
